 Dungeon Crawl Stone Soup version 0.30-a0-859-gf88a04b62d (webtiles) character file.

Game seed: 5597902905250144659

3908 M4edhros the Spear-Bearer (level 10, 0/64 HPs)
             Began as an Octopode Chaos Knight on Mar 6, 2023.
             Was a Plaything of Xom.
             Slain by a gargoyle
             ... wielding a +0 morningstar
              (21 damage)
             ... on level 11 of the Dungeon.
             The game lasted 00:08:43 (37337 turns).

M4edhros the Spear-Bearer (Octopode Chaos Knight)  Turns: 37337, Time: 00:08:44

Health: 0/64       AC:  5    Str: 11    XL:     10   Next: 20%
Magic:  9/9        EV: 17    Int: 14    God:    Xom [.*....]
Gold:   578        SH:  0    Dex: 15    Spells: 9/9 levels left

rFire   . . .      SeeInvis .    E - +5 Force Lance {heavy, knockback}
rCold   . . .      Faith    .    (no shield)
rNeg    . . .      Spirit   .    (helmet restricted)
rPois   +          Reflect  .    (no amulet)
rElec   .          Rampage  .    B - ring of poison resistance
rCorr   .                        (no ring)
Will    .....                    (no ring)
Stlth   ++                       (no ring)
HPRegen 0.30/turn                (no ring)
MPRegen 0.11/turn                (no ring)
                                 (no ring)
                                 (no ring)

@: brilliant
A: almost no armour, amphibious, 8 rings, camouflage 1, gelatinous body 1,
(nimble swimmer 1), tentacles, iridescent scales 2, clumsy 1, frail 1, low MP 1
a: Renounce Religion


You were on level 11 of the Dungeon.
You worshipped Xom.
You were a plaything of Xom.
You visited 2 branches of the dungeon, and saw 11 of its levels.

You collected 578 gold pieces.

Inventory:

Hand Weapons
 a - a +0 mace of chaos
 p - a +4 quarterstaff of chaos
 E - the +5 Force Lance (weapon) {heavy, knockback}
   (You found it on level 6 of the Dungeon)
Missiles
 d - 31 poisoned darts
 x - 2 curare-tipped darts
 I - 2 silver javelins
Armour
 m - a +0 cloak
Jewellery
 n - an amulet of magic regeneration
 B - a ring of poison resistance (left tentacle)
 J - a ring of ice
Wands
 u - a wand of roots (3)
 y - a wand of light (5)
 A - a wand of polymorph (10)
Scrolls
 g - a scroll of torment {unknown}
 h - 5 scrolls of magic mapping {unknown}
 k - 5 scrolls of identify {unknown}
 l - 2 scrolls of immolation {unknown}
 r - 2 scrolls of teleportation {unknown}
 s - 3 scrolls of fog {unknown}
 w - 2 scrolls of enchant armour {unknown}
 z - 2 scrolls of poison {unknown}
 C - a scroll of amnesia {unknown}
 D - a scroll of vulnerability {unknown}
 G - a scroll of blinking {unknown}
 L - a scroll of fear {unknown}
Potions
 c - 3 potions of curing
 e - 2 potions of brilliance
 f - 3 potions of mutation {unknown}
 i - 2 potions of heal wounds {unknown}
 j - 2 potions of flight {unknown}
 o - 3 potions of might {unknown}
 q - a potion of magic {unknown}
 t - 3 potions of degeneration {unknown}
 v - a potion of lignification {unknown}
 F - a potion of haste
 H - a potion of attraction {unknown}
 K - a potion of resistance {unknown}
Miscellaneous
 b - a piece from Xom's chessboard (9/15) (quivered)


   Skills:
 - Level 8.0 Fighting
 - Level 3.0 Maces & Flails
 * Level 9.8 Polearms
 - Level 8.0 Dodging


You had 9 spell levels left.
You didn't know any spells.
Your spell library contained the following spells:

 Spells                   Type           Power      Damage    Failure   Level
 Inner Flame              Hex/Fire       0%         N/A       65%         3
 Flame Wave               Conj/Fire      0%         2d4       96%         4
 Sticky Flame             Conj/Fire      0%         2d3       96%         4


Dungeon Overview and Level Annotations

Branches:
Dungeon (11/15)            Temple (1/1) D:5            Lair (0/5) D:11
    Orc: D:9-12

Altars:
Ashenzari
Cheibriados
Dithmenos
Elyvilon
Fedhas
Gozag
Hepliaklqana
Makhleb
Nemelex Xobeh
Okawaru
Qazlal
Ru
Trog
Uskayaw
Vehumet
Wu Jian
Xom
Yredelemnul
Zin
The Shining One

Shops:
D:3 (   D:4 *


Innate Abilities, Weirdness & Mutations

You cannot wear most types of armour.
You are amphibious.
You can wear up to eight rings at the same time.
Your skin changes colour to match your surroundings (Stealth+).
Your rubbery body absorbs attacks. (AC +1, EV +1)
((You are camouflaged when in or above water. (Stealth+)))
You have tentacles for arms and can constrict up to eight enemies at once.
You are mostly covered in iridescent scales. (AC +4)
You are clumsy. (Dex -2)
You are frail. (-10% HP)
Your magical capacity is low. (-10% MP)


Message History

A gargoyle is nearby!
A gargoyle is nearby!
A gargoyle is nearby!
Aiming: Polymorph
Press: ? - help, Shift-Dir - straight line, f - gargoyle
Aim: a gargoyle, wielding a +0 morningstar (not susceptible)
Okay, then.
You make a move on Xom's chessboard...
The gargoyle easily resists.
You make a move on Xom's chessboard...
The gargoyle easily resists.
You make a move on Xom's chessboard...
The gargoyle easily resists.
The gargoyle hurls a stone arrow at you.
The stone arrow hits you!
You make a move on Xom's chessboard...
The gargoyle easily resists.
The gargoyle hurls a stone arrow at you.
The stone arrow hits you.
You make a move on Xom's chessboard...
The gargoyle is unaffected.
You make a move on Xom's chessboard...
The gargoyle is outlined in light.
Reach: E) +5 Force Lance {heavy, knockback}
Press: ? - help, Dir - move target, f - gargoyle
Aim: a gargoyle, wielding a +0 morningstar (softly glowing, about 5% to evade the +5 Force Lance)
You reach to attack!
You hit the gargoyle but do no damage.
The gargoyle hurls a stone arrow at you.
The stone arrow hits you!!
It was a potion of brilliance.
You feel clever all of a sudden.
You hit the gargoyle but do no damage. You grab the gargoyle.
You tentacle-slap the gargoyle, but do no damage.
You constrict the gargoyle, but do no damage.
Xom's power touches on your mind for a moment.
You are confused.
The gargoyle misses you.
You feel better.
You constrict the gargoyle, but do no damage.
The gargoyle hurls a stone arrow at you.
The stone arrow hits you!
* * * LOW HITPOINT WARNING * * *
You feel better.
You constrict the gargoyle.
The gargoyle hits you with a +0 morningstar!!
You die...
Xom bursts into laughter!

#....#....#####..########
.....+.##.#..............
.....#....'..............
####'#....#..##...###### ########
##....#'###..##...########.......
.#.##.#..#...#...........#.......
.#. #.+..#...#...........#.......
## ..#####+###+####'#####.......
... ......9@................ ....
.#................#...## #..##
#......#...###...#...## ...#
........#...# #...#...##
........................
########################


You could see a gargoyle (corona).

Vanquished Creatures
  A kobold demonologist (D:11)
  Sigmund (D:2)
  A wraith (D:11)
  A wyvern (D:7)
  A steam dragon (D:7)
  A yak (D:10)
  Menkaure (D:7)
  Edmund (D:4)
  Duvessa (D:4)
  3 water moccasins
  2 ice beasts
  A sky beast (D:8)
  3 black bears
  3 phantoms
  A bullfrog (D:8)
  2 kobold brigands
  A scorpion (D:6)
  Dowan (D:4)
  6 wights (D:8)
  A crimson imp (D:3)
  Crazy Yiuf (D:2)
  A gnoll bouda (D:6)
  4 hounds
  2 jellies
  An orc priest (D:4)
  Ijyb (D:4)
  Terence (D:3)
  2 orc wizards
  2 sleepcaps
  2 iguanas (D:6)
  2 scorpion zombies (D:4)
  7 gnolls (D:6)
  12 adders
  A shadow imp (D:6)
  A white imp (D:5)
  An ufetubus (D:5)
  4 dart slugs
  8 orcs
  4 ball pythons
  5 endoplasms
  9 giant cockroaches
  3 goblins
  9 hobgoblins
  12 jackals
  5 quokkas
  2 training dummies (D:4)
  6 bats
  2 frilled lizards
  A goblin zombie (D:3)
  2 hobgoblin zombies (D:3)
  22 kobolds
  A kobold skeleton (D:3)
  A kobold zombie (D:3)
  An orc skeleton (D:3)
  2 orc zombies (D:3)
  5 rats
178 creatures vanquished.

Vanquished Creatures (others)
  A wizard (D:7)
1 creature vanquished.

Grand Total: 179 creatures vanquished

Notes
Turn   | Place    | Note
-------+----------+-------------------------------------------
     0 | D:1      | M4edhros the Octopode Chaos Knight began the quest for the
                  | Orb.
     0 | D:1      | Reached XP level 1. HP: 16/16 MP: 1/1
    81 | D:1      | XOM: silly message
   198 | D:1      | Found a faded altar of an unknown god.
   210 | D:1      | Reached XP level 2. HP: 21/21 MP: 2/2
   405 | D:1      | XOM: divination: detect items
   428 | D:1      | XOM: divination: detect items
   505 | D:1      | Reached XP level 3. HP: 11/26 MP: 3/3
   748 | D:1      | XOM: confuse monster(s)
   945 | D:1      | XOM: give mutations
   945 | D:1      | Gained mutation: You occasionally lose the ability to read
                  | scrolls when taking damage. [Xom's mischief]
   945 | D:1      | Gained mutation: You occasionally shout uncontrollably at
                  | your foes. [Xom's mischief]
   945 | D:1      | Gained mutation: You occasionally lose the ability to drink
                  | potions when taking damage. [Xom's mischief]
  1096 | D:1      | XOM: silly message
  1281 | D:1      | XOM: give mutations
  1281 | D:1      | Gained mutation: You are partially covered in iridescent
                  | scales. (AC +2) [Xom's grace]
  1281 | D:1      | Gained mutation: You have an increased reservoir of magic.
                  | (+10% MP) [Xom's grace]
  1281 | D:1      | Gained mutation: You are agile. (Dex +4, Str/Int -1) [Xom's
                  | grace]
  1281 | D:1      | Gained mutation: You are very agile. (Dex +8, Str/Int -2)
                  | [Xom's grace]
  1853 | D:1      | XOM: scenery: summon butterflies
  2834 | D:1      | XOM: divination: detect creatures
  2868 | D:1      | XOM: silly message
  3147 | D:1      | XOM: give mutation
  3147 | D:1      | Lost mutation: You occasionally shout uncontrollably at
                  | your foes. [Xom's mischief]
  3186 | D:1      | XOM: scenery: create altars
  3222 | D:1      | XOM: god gift: 25 gold pieces
  3333 | D:1      | XOM: summons 2 hostile demons
  3512 | D:1      | XOM: give mutations
  3512 | D:1      | Lost mutation: You have an increased reservoir of magic.
                  | (+10% MP) [Xom's mischief]
  3512 | D:1      | Gained mutation: Your muscles are strong. (Str +4, Int/Dex
                  | -1) [Xom's mischief]
  3512 | D:1      | Gained mutation: You are frail. (-10% HP) [Xom's mischief]
  3544 | D:1      | XOM: give mutation
  3544 | D:1      | Gained mutation: You expend magic power (3 MP) to
                  | strengthen your wands. [Xom's grace]
  3821 | D:1      | XOM: silly message
  3833 | D:1      | XOM is BORED!
  4049 | D:1      | XOM: give mutations
  4049 | D:1      | Gained mutation: One of your tentacles bears a spike.
                  | [Xom's mischief]
  4049 | D:1      | Lost mutation: Your muscles are strong. (Str +4, Int/Dex
                  | -1) [Xom's mischief]
  4049 | D:1      | Gained mutation: You are weak. (Str -2) [Xom's mischief]
  4306 | D:1      | XOM: give mutations
  4306 | D:1      | Gained mutation: You are dopey. (Int -2) [Xom's mischief]
  4306 | D:1      | Lost mutation: You are dopey. (Int -2) [Xom's mischief]
  4306 | D:1      | Gained mutation: Your body sometimes deteriorates upon
                  | taking damage. [Xom's mischief]
  4740 | D:1      | XOM: summons 1 hostile demon
  4847 | D:2      | XOM: give mutations
  4847 | D:2      | Lost mutation: One of your tentacles bears a spike. [Xom's
                  | mischief]
  4847 | D:2      | Lost mutation: You are very agile. (Dex +8, Str/Int -2)
                  | [Xom's mischief]
  4847 | D:2      | Lost mutation: You are frail. (-10% HP) [Xom's mischief]
  4847 | D:2      | Gained mutation: You sometimes lose the ability to read
                  | scrolls when taking damage. [Xom's mischief]
  5777 | D:1      | XOM: silly message
  6073 | D:1      | XOM: give mutations
  6073 | D:1      | Gained mutation: You are very weak. (Str -4) [Xom's
                  | mischief]
  6073 | D:1      | Lost mutation: You are agile. (Dex +4, Str/Int -1) [Xom's
                  | mischief]
  6157 | D:1      | XOM: noise
  6404 | D:1      | XOM: noise
  6999 | D:1      | XOM: scenery: create altars
  8107 | D:1      | XOM: torment (15/27 hp)
  8951 | D:1      | XOM: god gift: cloak {god gift}
  8959 | D:1      | XOM: scenery: summon butterflies
  9637 | D:1      | XOM is BORED!
  9637 | D:1      | XOM: give mutations
  9637 | D:1      | Lost mutation: You expend magic power (3 MP) to strengthen
                  | your wands. [Xom's mischief]
  9637 | D:1      | Lost mutation: You occasionally lose the ability to drink
                  | potions when taking damage. [Xom's mischief]
  9637 | D:1      | Gained mutation: You sometimes lose your temper in combat.
                  | [Xom's mischief]
  9637 | D:1      | Lost mutation: Your body sometimes deteriorates upon taking
                  | damage. [Xom's mischief]
 10480 | D:1      | XOM: silly message
 10983 | D:1      | Glimpsed the power of Zot.
 11026 | D:2      | XOM: 2-stop teleportation journey
 11039 | D:2      | Reached XP level 4. HP: 27/33 MP: 4/4
 11044 | D:2      | XOM: 1-stop teleportation journey
 11319 | D:2      | Noticed Sigmund
 11321 | D:2      | XOM: butterfly on damage
 11326 | D:2      | XOM: potion effect (might)
 11331 | D:2      | Killed Sigmund
 11332 | D:2      | Reached skill level 5 in Fighting
 11332 | D:2      | Reached XP level 5. HP: 25/39 MP: 5/5
 11332 | D:2      | Reached XP level 6. HP: 29/45 MP: 6/6
 11412 | D:2      | XOM: cloud trail
 11475 | D:2      | Glimpsed the power of Zot.
 11538 | D:2      | Found a runed translucent door.
 11539 | D:2      | Noticed Crazy Yiuf
 11583 | D:2      | XOM: silly message
 11700 | D:2      | XOM: butterfly on damage
 11702 | D:2      | Killed Crazy Yiuf
 11808 | D:2      | XOM: scenery: 1 doors open
 12799 | D:2      | XOM: cloud trail
 12821 | D:2      | XOM: give mutation
 12821 | D:2      | Gained mutation: One of your tentacles bears a spike.
                  | [Xom's mischief]
 12903 | D:2      | XOM: give mutations
 12903 | D:2      | Gained mutation: Your mind is acute. (Int +4, Str/Dex -1)
                  | [Xom's grace]
 12903 | D:2      | Gained mutation: Your flesh is heat resistant. (rF+) [Xom's
                  | grace]
 12903 | D:2      | Gained mutation: You are robust. (+10% HP) [Xom's grace]
 12903 | D:2      | Gained mutation: You are mostly covered in iridescent
                  | scales. (AC +4) [Xom's grace]
 13150 | D:2      | XOM: scenery: 1 doors open
 13245 | D:2      | XOM: noise
 14063 | D:2      | XOM: give mutations
 14063 | D:2      | Gained mutation: You passively dampen the noise of your
                  | surroundings. [Xom's grace]
 14063 | D:2      | Gained mutation: Your mind is very acute. (Int +8, Str/Dex
                  | -2) [Xom's grace]
 14063 | D:2      | Gained mutation: One of your tentacles bears a nasty spike.
                  | [Xom's grace]
 14086 | D:2      | XOM is BORED!
 14086 | D:2      | XOM: give mutations
 14086 | D:2      | Lost mutation: One of your tentacles bears a nasty spike.
                  | [Xom's mischief]
 14086 | D:2      | Lost mutation: You passively dampen the noise of your
                  | surroundings. [Xom's mischief]
 14086 | D:2      | Lost mutation: Your flesh is heat resistant. (rF+) [Xom's
                  | mischief]
 14086 | D:2      | Lost mutation: You are robust. (+10% HP) [Xom's mischief]
 14989 | D:2      | XOM: stat loss: -1 Int (21/22)
 15941 | D:2      | XOM: give mutations
 15941 | D:2      | Gained mutation: You are somewhat resistant to further
                  | mutation. [Xom's grace]
 15941 | D:2      | Lost mutation: You are very weak. (Str -4) [Xom's grace]
 15941 | D:2      | Gained mutation: You have an increased reservoir of magic.
                  | (+10% MP) [Xom's grace]
 15941 | D:2      | Gained mutation: You are covered in fur. (AC +1) [Xom's
                  | grace]
 16106 | D:2      | XOM: silly message
 16444 | D:2      | XOM: divination: detect creatures
 16975 | D:2      | Glimpsed the power of Zot.
 17087 | D:3      | Reached skill level 5 in Dodging
 17110 | D:3      | Found Qiywiav's Antique Weapon Shop.
 17153 | D:3      | Found a sacrificial altar of Ru.
 17230 | D:3      | Found a glowing golden altar of the Shining One.
 17337 | D:3      | Noticed Terence
 17343 | D:3      | Killed Terence
 17449 | D:3      | Glimpsed the power of Zot.
 17728 | D:4      | Reached XP level 7. HP: 51/51 MP: 7/7
 17800 | D:4      | Found Zulaq Deotz's Gadget Gallery.
 18009 | D:4      | Noticed Duvessa
 18009 | D:4      | Noticed Dowan
 18014 | D:4      | Killed Dowan
 18022 | D:4      | Killed Duvessa
 18049 | D:4      | XOM: silly message
 18052 | D:4      | XOM: silly message
 18132 | D:4      | XOM: silly message
 18238 | D:4      | Found a basalt altar of Yredelemnul.
 18284 | D:4      | Noticed Ijyb
 18288 | D:4      | XOM: potion effect (might)
 18290 | D:4      | Killed Ijyb
 18300 | D:4      | Reached XP level 8. HP: 43/58 MP: 8/8
 18300 | D:4      | Noticed Edmund
 18309 | D:4      | Killed Edmund
 18349 | D:4      | XOM: cloud trail
 19087 | D:3      | XOM: noise
 19317 | D:3      | XOM: god gift: wand of polymorph (5)
 20795 | D:3      | XOM: scenery: create altars
 20967 | D:3      | XOM: give mutation
 20967 | D:3      | Gained mutation: You expend magic power (3 MP) to
                  | strengthen your wands. [Xom's grace]
 21029 | D:3      | XOM: cloud trail
 21094 | D:3      | XOM: divination: magic mapping
 21238 | D:3      | XOM: give mutations
 21238 | D:3      | Lost mutation: You have an increased reservoir of magic.
                  | (+10% MP) [Xom's mischief]
 21238 | D:3      | Lost mutation: You sometimes lose your temper in combat.
                  | [Xom's mischief]
 21238 | D:3      | Lost mutation: You are weak. (Str -2) [Xom's mischief]
 21238 | D:3      | Lost mutation: You sometimes lose the ability to read
                  | scrolls when taking damage. [Xom's mischief]
 21514 | D:3      | XOM: god gift: 24 gold pieces
 21662 | D:3      | XOM: give mutations
 21662 | D:3      | Gained mutation: Your skin blends seamlessly with your
                  | surroundings (Stealth++). [Xom's grace]
 21662 | D:3      | Gained mutation: You passively map a small area around you.
                  | [Xom's grace]
 21692 | D:3      | XOM is BORED!
 21692 | D:3      | XOM: give mutations
 21692 | D:3      | Lost mutation: You passively map a small area around you.
                  | [Xom's mischief]
 21692 | D:3      | Lost mutation: You are somewhat resistant to further
                  | mutation. [Xom's mischief]
 21692 | D:3      | Gained mutation: You have supernaturally acute eyesight.
                  | (SInv) [Xom's mischief]
 21740 | D:3      | XOM: give mutations
 21740 | D:3      | Lost mutation: You expend magic power (3 MP) to strengthen
                  | your wands. [Xom's mischief]
 21740 | D:3      | Lost mutation: One of your tentacles bears a spike. [Xom's
                  | mischief]
 21859 | D:3      | XOM: god gift: 46 gold pieces
 21876 | D:3      | XOM: give mutations
 21876 | D:3      | Gained mutation: You are completely covered in iridescent
                  | scales. (AC +6) [Xom's grace]
 21876 | D:3      | Gained mutation: One of your tentacles bears a spike.
                  | [Xom's grace]
 22067 | D:3      | XOM: give mutations
 22067 | D:3      | Lost mutation: You have supernaturally acute eyesight.
                  | (SInv) [Xom's mischief]
 22067 | D:3      | Lost mutation: You are covered in fur. (AC +1) [Xom's
                  | mischief]
 22067 | D:3      | Lost mutation: Your mind is very acute. (Int +8, Str/Dex
                  | -2) [Xom's mischief]
 22067 | D:3      | Lost mutation: Your skin blends seamlessly with your
                  | surroundings (Stealth++). [Xom's mischief]
 22319 | D:3      | XOM: summons 5 hostile demons
 22760 | D:3      | XOM: draining
 22810 | D:3      | XOM: draining
 22919 | D:3      | Glimpsed the power of Zot.
 22930 | D:5      | Entered Level 5 of the Dungeon
 23044 | D:5      | XOM: 2-stop teleportation journey
 23170 | D:5      | XOM: silly message
 23299 | D:5      | Identified the +7 trident of Earthquakes {freeze, rPois rF+
                  | rN++ Will-}
 23323 | D:5      | XOM: 4-stop teleportation journey
 23326 | D:5      | XOM: potion effect (haste)
 23447 | D:5      | XOM: cast spell 'Leda's Liquefaction'
 23514 | D:5      | Found a staircase to the Ecumenical Temple.
 23837 | Temple   | Entered the Ecumenical Temple
 23998 | D:6      | Found the +5 Force Lance {heavy, knockback}
 24247 | D:6      | Reached skill level 1 in Polearms
 24248 | D:6      | Reached skill level 2 in Polearms
 24452 | D:6      | Found an iron altar of Okawaru.
 24563 | D:6      | Found a sparkling altar of Nemelex Xobeh.
 24700 | D:6      | Found a hazy altar of Hepliaklqana.
 24862 | D:6      | Reached skill level 3 in Polearms
 24862 | D:6      | Reached XP level 9. HP: 66/66 MP: 9/9
 24912 | D:6      | Reached skill level 4 in Polearms
 25633 | D:4      | XOM: give mutations
 25633 | D:4      | Gained mutation: You are clumsy. (Dex -2) [Xom's mischief]
 25633 | D:4      | Gained mutation: You are frail. (-10% HP) [Xom's mischief]
 25633 | D:4      | Lost mutation: You are clumsy. (Dex -2) [Xom's mischief]
 25762 | D:4      | XOM: god gift: 2 silver javelins
 26003 | D:4      | XOM: summons 3 hostile shadow creatures
 26185 | D:4      | XOM: summons 4 hostile shadow creatures
 26984 | D:4      | XOM: draining
 26991 | D:4      | XOM: give mutations
 26991 | D:4      | Lost mutation: One of your tentacles bears a spike. [Xom's
                  | mischief]
 26991 | D:4      | Gained mutation: You are clumsy. (Dex -2) [Xom's mischief]
 27451 | D:4      | XOM: scenery: 1 doors close
 27696 | D:4      | XOM: give mutations
 27696 | D:4      | Lost mutation: Your mind is acute. (Int +4, Str/Dex -1)
                  | [Xom's mischief]
 27696 | D:4      | Gained mutation: You sometimes lose the ability to read
                  | scrolls when taking damage. [Xom's mischief]
 27696 | D:4      | Lost mutation: You are completely covered in iridescent
                  | scales. (AC +6) [Xom's mischief]
 27696 | D:4      | Gained mutation: You are very frail. (-20% HP) [Xom's
                  | mischief]
 27878 | D:4      | XOM is BORED!
 27926 | D:4      | XOM: noise
 28829 | D:4      | XOM: cloud trail
 28918 | D:4      | XOM: give mutation
 28918 | D:4      | Lost mutation: You sometimes lose the ability to read
                  | scrolls when taking damage. [Xom's mischief]
 29236 | D:4      | XOM: noise
 29615 | D:4      | XOM: summons 3 hostile shadow creatures
 30644 | D:4      | XOM is BORED!
 30644 | D:4      | XOM: draining
 30708 | D:4      | XOM: silly message
 30815 | D:4      | XOM: cloud trail
 30876 | D:4      | XOM: divination: magic mapping
 31091 | D:4      | XOM: divination: detect items
 33053 | D:4      | XOM: summons 4 hostile shadow creatures
 33829 | D:4      | XOM: silly message
 34090 | D:4      | XOM is BORED!
 34174 | D:4      | XOM: give mutations
 34174 | D:4      | Lost mutation: You occasionally lose the ability to read
                  | scrolls when taking damage. [Xom's mischief]
 34174 | D:4      | Lost mutation: You are very frail. (-20% HP) [Xom's
                  | mischief]
 34930 | D:4      | Glimpsed the power of Zot.
 35134 | D:7      | Reached skill level 5 in Polearms
 35213 | D:7      | Noticed Menkaure
 35221 | D:7      | XOM: butterfly on damage
 35227 | D:7      | Killed Menkaure
 35516 | D:7      | Reached skill level 6 in Polearms
 35533 | D:7      | XOM: draining
 35647 | D:7      | XOM: 1-stop teleportation journey
 35887 | D:7      | Found a bloodstained altar of Trog.
 35888 | D:7      | Noticed a wizard
 35893 | D:7      | Killed a wizard
 36098 | D:8      | Reached skill level 7 in Polearms
 36136 | D:8      | XOM: give mutations
 36136 | D:8      | Gained mutation: Your magical capacity is low. (-10% MP)
                  | [Xom's mischief]
 36136 | D:8      | Gained mutation: You occasionally lose the ability to drink
                  | potions when taking damage. [Xom's mischief]
 36136 | D:8      | Lost mutation: You occasionally lose the ability to drink
                  | potions when taking damage. [Xom's mischief]
 36142 | D:8      | Found a white marble altar of Elyvilon.
 36350 | D:8      | Reached skill level 8 in Polearms
 36604 | D:8      | Reached XP level 10. HP: 64/64 MP: 9/9
 36633 | D:8      | Reached skill level 9 in Polearms
 36793 | D:8      | You fall into a shaft and drop 2 floors!
 36793 | D:10     | Entered Level 10 of the Dungeon
 36816 | D:10     | XOM: butterfly on damage
 36942 | D:11     | Noticed a kobold demonologist
 36946 | D:11     | XOM: summons 5 friendly demons
 36955 | D:11     | Killed a kobold demonologist
 37279 | D:11     | Noticed a death yak
 37280 | D:11     | Noticed a death yak
 37282 | D:11     | Found a staircase to the Lair.
 37286 | D:11     | XOM: scenery: 1 doors open, 1 doors close
 37326 | D:11     | Noticed a gargoyle
 37335 | D:11     | XOM: confusion (+ monsters)
 37337 | D:11     | Slain by a gargoyle

Illustrated notes

Levels and vault maps discovered:
D:1:      evilmike_arrival_rings, layout_basic, shapermc_ecumenical_altar_ellora
D:2:      layout_basic, uniq_crazy_yiuf_cottage, uniq_sigmund
D:3:      layout_loops_cross, nicolae_tso_besieged_by_evil,
          nicolae_ru_great_annihilating_truth, serial_shops, shop,
          dreamdust_princess_bridge, hangedman_decor_points,
          minmay_strange_pillars, uniq_terence
D:4:      dreamdust_elfheim, layout_basic, lemuel_zombie_altar_yredelemnul,
          nicolae_shop_gadgets, uniq_ijyb, uniq_edmund
D:5:      layout_cave_pods, temple_green
D:6:      layout_basic, mainiacjoe_overflow_surrounded_room, okawaru_gym_becter,
          nzn_hepliaklqana_mist_gate, sigmund_army
D:7:      layout_loops_cross, trog_wizard, uniq_menkaure
D:8:      layout_basic, general_overflow_altar,
          mainiacjoe_overflow_concentric_impassable
D:10:     minmay_chambers_of_sevens, layout_small_grid, serial_shops,
          nicolae_shop_hallway_stairs, kennysheep_flooded_box
D:11:     layout_stronghold, dpeg_lair_monsters
Temple:   hellmonk_temple_two_chambers

Skill      XL: |  1  2  3  4  5  6  7  8  9 10 |
---------------+-------------------------------+-----
Dodging        | 3 4 5 6 7 8 |  8.0
Fighting       | 4 5 6 8 |  8.0
Polearms       | 3 8 9 |  9.8
Maces & Flails | |  3.0

Action                     |  1- 3 |  4- 6 |  7- 9 | 10-12 || total
---------------------------+-------+-------+-------+-------++-------
  Melee: Mace              |    73 |    24 |       |       ||    97
         Tentacles         |    10 |    12 |    36 |     6 ||    64
         Constrict         |    18 |    16 |    39 |     3 ||    76
         Punch             |     2 |       |     3 |     1 ||     6
         Kick              |     1 |    10 |    47 |       ||    58
         Quarterstaff      |       |    44 |   116 |       ||   160
         Lance             |       |       |   135 |    26 ||   161
  Evoke: Wand              |       |       |     4 |       ||     4
         Piece from Xom's  |       |       |     3 |     6 ||     9
    Use: Potion            |       |     2 |     2 |     3 ||     7
   Stab: Sleeping          |     7 |     7 |    15 |       ||    29
         Distracted        |       |     2 |       |       ||     2
         Paralysed         |       |     1 |     4 |       ||     5
 Armour: Skin              |    10 |    17 |    66 |     1 ||    94
  Dodge: Dodged            |    67 |    53 |   200 |     7 ||   327

Table legend: (Time is in decaauts)
 A = Elapsed time spent in this place.
 B = Non-inter-level travel time spent in this place.
 C = Inter-level travel time spent in this place.
 D = Time resting spent in this place.
 E = Time spent auto-exploring this place.
 F = Levels seen in this place.
 G = Mean time per level.
                   A        B        C        D        E       F      G
               +--------+--------+--------+--------+--------+-----+--------+
         Total |  37442 |  36915 |    527 |  29403 |   6124 |  11 | 3403.8 |
       Dungeon |  37415 |  36893 |    522 |  29403 |   6105 |  10 | 3741.5 |
        Temple |     26 |     21 |      5 |      0 |     19 |   1 |   26.0 |
               +--------+--------+--------+--------+--------+-----+--------+

Top non-repeatable levels by time:
     D:1: 10949 daAuts
     D:4: 10174 daAuts
     D:2: 6050 daAuts
     D:3: 5084 daAuts
     D:5: 1475 daAuts
     D:6: 1331 daAuts
     D:7: 1101 daAuts
     D:8: 705 daAuts
    D:11: 516 daAuts
  Temple: 26 daAuts
    D:10: 25 daAuts
